 Dungeon Crawl Stone Soup version 0.21-a0-401-g0b6bec4 (webtiles) character file.

187417 Moloch the Phalangite (level 17, -9/140 HPs)
             Began as a Mummy Fighter on Oct 22, 2017.
             Was the Champion of Okawaru.
             Shot with an arrow by a deep elf master archer (20 damage)
             ... on level 3 of the Elven Halls.
             The game lasted 01:35:42 (46116 turns).

Moloch the Phalangite (Mummy Fighter)              Turns: 46116, Time: 01:35:42

Health: -9/140     AC: 31    Str: 19    XL:     17   Next: 87%
Magic:  16/18      EV:  8    Int:  9    God:    Okawaru [******]
Gold:   1771       SH:  0    Dex: 20    Spells: 5/16 levels left

rFire    + . .     SeeInvis .   T - +9 glaive of Quynlia {chop, rPois rC+}
rCold    + + +     Gourm    .   (shield currently unavailable)
rNeg     + + +     Faith    +   b - +8 plate armour "Haoclay" {rF+}
rPois    ∞         Spirit   .   x - +1 helmet of the Solstice {rElec Stlth+}
rElec    +         Reflect  .   M - +0 cloak of Infinity {Stlth+}
rCorr    .         Harm     .   q - +2 pair of gloves {Dex+3}
MR       ++...                  W - +2 pair of boots {Fly}
Stlth    ..........             H - amulet of faith
HPRegen  0.33/turn              E - ring of protection from fire
MPRegen  0.16/turn              d - ring of protection from cold

@: flying
A: no food or potions, fire vulnerability, cold resistance 1, negative energy
resistance 3, torment resistance, unbreathing, in touch with death 1
a: Heroism, Finesse, Renounce Religion, Stop Flying


You were on level 3 of the Elven Halls.
You worshipped Okawaru.
Okawaru was exalted by your worship.
You were not hungry.

You visited 5 branches of the dungeon, and saw 27 of its levels.
You visited the Abyss 2 times.
You also visited: Labyrinth, Ossuary and Wizlab.

You collected 3305 gold pieces.
You spent 1534 gold pieces at shops.

Inventory:

Hand Weapons
 l - a +6 bardiche of flaming
 T - the +9 glaive of Quynlia (weapon) {chop, rPois rC+}
   (You found it on level 13 of the Dungeon)

   It inflicts extra damage upon your enemies.
   It protects you from cold.
   It protects you from poison.
Armour
 b - the +8 plate armour "Haoclay" (worn) {rF+}
   (You bought it in a shop on level 2 of the Orcish Mines)

   It protects you from fire.
 h - the +0 buckler "Raxougos" {SInv Stlth+}
   (You acquired it on level 8 of the Dungeon)

   It lets you see invisible.
   It makes you more stealthy.
 q - a +2 pair of gloves of dexterity (worn)
 x - the +1 helmet of the Solstice (worn) {rElec Stlth+}
   (You found it on level 9 of the Dungeon)

   It insulates you from electricity.
   It makes you more stealthy.
 K - a +2 shield of cold resistance
 M - the +0 cloak of Infinity (worn) {Stlth+}
   (You found it on level 6 of the Lair of Beasts)

   It makes you more stealthy.
 R - a +1 helmet of see invisible
 W - a +2 pair of boots of flying (worn)
Jewellery
 c - an uncursed ring of protection from fire
 d - a ring of protection from cold (right hand)
 g - a cursed -6 ring of dexterity
 n - a +2 ring of dexterity
 E - a ring of protection from fire (left hand)
 H - an amulet of faith (around neck)
 I - the amulet of Midsummer {+Rage MR+ Dex+4}
   (You found it on level 5 of the Lair of Beasts)

   [amulet of rage]

   It affects your dexterity (+4).
   It affects your resistance to hostile enchantments.
   It lets you go berserk.
Wands
 B - a wand of digging (5/24)
 P - a wand of clouds (5/9)
Scrolls
 a - 5 scrolls of blinking
 e - 5 scrolls of recharging
 f - 3 scrolls of magic mapping
 i - 6 scrolls of fog
 k - 2 scrolls of teleportation
 m - 3 scrolls of enchant armour
 o - 3 scrolls of immolation
 p - 8 scrolls of remove curse
 r - 3 scrolls of holy word
 w - 2 scrolls of fear
 A - 2 scrolls of silence
 J - 4 scrolls of amnesia
 L - 10 scrolls of identify
 Q - 2 scrolls of summoning
Miscellaneous
 j - a phantom mirror


   Skills:
 - Level 14.8 Fighting
 + Level 21.6 Polearms
 + Level 6.4 Armour
 * Level 4.6 Dodging
 - Level 2.4 Shields
 - Level 2.2 Invocations


You had 5 spell levels left.
You knew the following spells:

 Your Spells              Type           Power        Failure   Level  Hunger
a - Silence               Hex/Air        #.........   100%        5    N/A
b - Deflect Missiles      Chrm/Air       #.........   100%        6    N/A

Dungeon Overview and Level Annotations

Branches:
Dungeon (15/15)            Temple (1/1) D:4            Lair (6/6) D:9
  Swamp (0/4) Lair:3       Spider (0/4) Lair:2        Slime (0/5) Lair:6
    Orc (2/2) D:12            Elf (3/3) Orc:2        Vaults (0/5) D:14
 Depths (0/5) D:15

Altars:
Ashenzari
Cheibriados
Dithmenos
Elyvilon
Fedhas
Gozag
Hepliaklqana
Kikubaaqudgha
Makhleb
Nemelex Xobeh
Okawaru
Qazlal
Ru
Sif Muna
Trog
Uskayaw
Vehumet
Wu Jian
Xom
Yredelemnul
Zin
The Shining One

Shops:
D:4 (   D:7 %   D:12 [%?!?   Orc:2 %(*[

Annotations:
Lair:6 exclusion: 4 oklob plants


Innate Abilities, Weirdness & Mutations

You do not eat or drink.
Your flesh is vulnerable to fire.
You are immune to poison.
Your flesh is cold resistant. (rC+)
You are immune to negative energy. (rN+++)
You are immune to unholy pain and torment.
You can survive without breathing.
You are in touch with the powers of death.


Message History

The deep elf sorcerer seems to speed up.
The deep elf master archer shoots an arrow.
The arrow hits you!
Items here: !! $ ( )))))))) = [[[ ††
Okay, then.
You see here an arrow.
The deep elf master archer shoots an arrow.
The arrow hits you!!
You see here an arrow.
The deep elf master archer shoots an arrow.
The arrow hits you.
* * * LOW HITPOINT WARNING * * *
The deep elf master archer shoots an arrow.
The arrow hits you!!
* * * LOW HITPOINT WARNING * * *
Things that are here:
2 arrows; a long sword; an elf corpse The deep elf master archer shoots an arrow.
The arrow hits you!!
You die...

.[[(## #'## ##........((#
.....## #%# ##........#.##
......# #)####...e.....'...
......# #).e)'e.......###..
......# #!(###.......## #.
......# #.(# ######### #.
......# #.(# #. ......# ##(# #.
......##### #@# #.
......'...######.# ##.
......##...))..).# #.#
......##.################# #..
.....###)# ##88##.......# #..
....## #.####....#######.# ##..
###'# #.8#⌠......⌠#8.##.# ##...
#.# ##.###.#..#.###.##)####.(.)
##.###..'.'......'.e.......'....


You could see a deep elf master archer.

Vanquished Creatures
  A greater mummy (WizLab)
  Jorgrun (Elf:2)
  4 deep elf master archers (Elf:3)
  A deep elf blademaster (Elf:3)
  2 sphinxes (Elf:3)
  A tentacled starspawn (Abyss:1)
  An orc warlord (Elf:3)
  6 deep elf sorcerers
  3 deep elf elementalists
  An entropy weaver (D:11)
  The ghost of Tungsten the Nimble, a journeyman KoAs of Makhleb (D:11)
  5 deep elf demonologists
  3 deep elf annihilators (Elf:3)
  An ettin (D:15)
  The ghost of Duskembrace the Grappler, a journeyman TrMo of Hepliaklqana (Lair:1)
  5 deep elf death magi
  3 mummy priests (WizLab)
  A minotaur (Lab)
  4 deep elf high priests (Elf:3)
  A yaktaur captain (D:14)
  An ogre mage (D:15)
  A rakshasa (Abyss:1)
  6 hydras
  A centaur warrior (D:15)
  A merfolk avatar (Lair:6)
  A queen ant (D:12)
  Erica (D:8)
  20 dancing weapons
  10 two-headed ogres
  4 small abominations
  2 orc high priests
  A tengu warrior (D:15)
  Urug (D:14)
  3 large abominations (Abyss:1)
  18 deep elf knights
  A wretched star (Abyss:1)
  2 unseen horrors
  7 deep trolls (Elf:3)
  15 deep elf archers
  A lindwurm (shapeshifter) (D:15)
  5 orc knights (Elf:3)
  An orb spider (Lair:2)
  59 deep elf magi
  8 orc sorcerers
  4 ugly things
  A stone giant zombie (WizLab)
  A fire giant zombie (WizLab)
  A worldbinder (Abyss:3)
  A cyclops (D:11)
  A manticore (D:14)
  2 elephants (Lair:6)
  2 oklob plants (Lair:5)
  An elephant (shapeshifter) (Elf:1)
  A salamander (shapeshifter) (Elf:3)
  3 black mambas
  3 demonspawn zombies (WizLab)
  2 smoke demons
  8 spiny frogs
  A kobold demonologist (D:14)
  A gargoyle (D:10)
  A yaktaur (shapeshifter) (D:15)
  4 centaur skeletons (D:14)
  6 rime drakes
  11 komodo dragons
  2 yaktaurs (D:14)
  3 trolls
  A polar bear (Lair:6)
  2 guardian mummies (WizLab)
  2 tengu conjurers
  3 meliai (D:13)
  14 blink frogs
  3 hornets
  A polar bear (shapeshifter) (Abyss:1)
  Grinder (D:3)
  4 slime creatures
  2 deep troll zombies (WizLab)
  An ice dragon zombie (WizLab)
  7 hippogriffs
  3 fire dragon zombies (WizLab)
  6 flying skulls (Abyss:1)
  An air elemental (Elf:2)
  2 shadows (D:15)
  4 water elementals (Elf:1)
  3 fire elementals
  2 wraiths
  41 yaks
  A hog (shapeshifter) (Elf:2)
  2 ynoxinuls (Abyss:1)
  Grum (D:8)
  Eustachio (D:5)
  8 wyverns
  A human (D:9)
  2 basilisks
  2 hungry ghosts
  2 neqoxecs (Abyss:1)
  7 wargs
  2 hell hounds (D:9)
  15 water moccasins
  A hornet zombie (D:15)
  24 soldier ants
  15 porcupines
  2 sky beasts
  26 orc warriors
  A black bear (D:11)
  A phantom (D:4)
  20 ogres
  2 eyes of draining
  3 necrophages
  2 ice beasts
  13 centaurs
  17 wolves
  13 crocodiles
  4 big kobolds
  A wyvern zombie (D:14)
  A yaktaur zombie (WizLab)
  A gnoll sergeant (D:6)
  15 bullfrogs
  An earth elemental (Elf:3)
  A wyvern skeleton (D:8)
  A water moccasin zombie (D:5)
  6 scorpions
  12 killer bees
  An electric eel (Lair:1)
  5 crimson imps
  6 centaur zombies
  2 quasits
  7 hounds
  6 jellies
  40 orc wizards
  A human zombie (Ossuary)
  Crazy Yiuf (D:3)
  30 orc priests
  4 iguanas
  An iron imp (Abyss:1)
  2 bullfrog skeletons
  Ijyb (D:4)
  Terence (D:3)
  25 worker ants
  A statue (D:9)
  A hound skeleton (D:5)
  3 mummies
  2 worker ant zombies (D:5)
  A howler monkey zombie (D:6)
  Robin (D:2)
  9 gnolls
  14 adders
  A river rat (D:5)
  4 shadow imps
  2 white imps (Abyss:1)
  9 oozes
  3 adder skeletons
  An adder zombie (D:7)
  6 worms
  2 dart slugs (D:4)
  2 leopard geckos
  93 orcs
  6 bats
  7 giant cockroaches
  5 gnoll zombies (Ossuary)
  12 goblins
  13 hobgoblins
  12 jackals
  14 kobolds
  6 quokkas
  4 ball pythons
  7 frilled lizards
  A goblin zombie (Ossuary)
  3 hobgoblin zombies (Ossuary)
  A jackal skeleton (D:7)
  A kobold skeleton (D:9)
  A leopard gecko skeleton (D:4)
  A leopard gecko zombie (D:5)
  3 orc zombies (Ossuary)
  2 quokka skeletons
  A quokka zombie (D:5)
  8 rats
  2 crawling corpses (Elf:3)
  A plant (Lair:5)
1005 creatures vanquished.

Vanquished Creatures (collateral kills)
  A worker ant (D:9)
  An adder (D:9)
2 creatures vanquished.

Vanquished Creatures (others)
  A giant cockroach (D:5)
  A kobold (D:14)
  9 fungi
  11 plants
  4 starspawn tentacles (Abyss:1)
26 creatures vanquished.

Grand Total: 1033 creatures vanquished

Notes
Turn   | Place    | Note
-------+----------+-------------------------------------------
     0 | D:1      | Moloch the Mummy Fighter began the quest for the Orb.
     0 | D:1      | Reached XP level 1. HP: 18/18 MP: 1/1
   196 | D:1      | Reached XP level 2. HP: 24/24 MP: 2/2
   230 | D:1      | Reached skill level 2 in Polearms
   376 | D:1      | Reached XP level 3. HP: 23/29 MP: 3/3
  1078 | D:2      | Reached XP level 4. HP: 37/37 MP: 4/4
  1125 | D:2      | Noticed Robin
  1145 | D:2      | Reached skill level 3 in Polearms
  1164 | D:2      | Killed Robin
  1315 | D:2      | You fall through a shaft for 2 floors!
  1316 | D:4      | Found an opulent altar of Gozag.
  1385 | D:4      | Noticed a phantom
  1412 | D:4      | Killed a phantom
  1412 | D:4      | Reached skill level 4 in Polearms
  1412 | D:4      | Reached XP level 5. HP: 23/42 MP: 5/5
  1764 | D:2      | Found a burning altar of Makhleb.
  1888 | D:3      | Noticed Terence
  1903 | D:3      | Killed Terence
  2038 | D:2      | Reached XP level 6. HP: 4/48 MP: 6/6
  2443 | D:3      | Noticed Grinder
  2460 | D:3      | Paralysed by Grinder for 5 turns
  2470 | D:3      | Killed Grinder
  2470 | D:3      | Reached skill level 5 in Polearms
  2495 | D:3      | Reached XP level 7. HP: 53/55 MP: 7/7
  2841 | D:3      | Found a runed door.
  2885 | D:3      | Noticed Crazy Yiuf
  2897 | D:3      | Killed Crazy Yiuf
  2985 | D:4      | Reached skill level 6 in Polearms
  3248 | D:4      | Found a glowing silver altar of Zin.
  3248 | D:4      | Found a white marble altar of Elyvilon.
  3248 | D:4      | Found a snail-covered altar of Cheibriados.
  3264 | D:4      | Noticed Ijyb
  3548 | D:4      | Killed Ijyb
  3717 | D:4      | Found Baag's Weapon Shop.
  3758 | D:4      | Found a staircase to the Ecumenical Temple.
  4036 | D:5      | Entered Level 5 of the Dungeon
  4085 | D:5      | Found a sand-covered staircase.
  4095 | Ossuary  | Entered an ossuary
  4210 | Ossuary  | Reached skill level 7 in Polearms
  4539 | D:5      | Reached XP level 8. HP: 38/61 MP: 8/8
  4600 | D:5      | Reached skill level 5 in Fighting
  4694 | D:5      | Found a glowing drain.
  4877 | Temple   | Entered the Ecumenical Temple
  4924 | Temple   | Became a worshipper of Warmaster Okawaru
  5043 | D:5      | Reached skill level 8 in Polearms
  5061 | D:5      | Found a sacrificial altar of Ru.
  6209 | D:6      | Found an ancient bone altar of Kikubaaqudgha.
  6216 | D:6      | Reached * piety under Okawaru
  6378 | D:6      | Reached skill level 9 in Polearms
  6400 | D:6      | Noticed Eustachio
  6501 | D:5      | Killed Eustachio
  6501 | D:5      | Reached XP level 9. HP: 54/69 MP: 9/9
  6568 | D:6      | Found an ornate altar of the Wu Jian Council.
  7182 | D:7      | Found Emerururgh's Food Shoppe.
  7802 | D:6      | Reached skill level 1 in Invocations
  8226 | D:7      | Reached skill level 10 in Polearms
  8229 | D:7      | Reached ** piety under Okawaru
  8661 | D:7      | Reached XP level 10. HP: 54/77 MP: 11/11
  9121 | D:8      | Noticed a two-headed ogre
  9125 | D:8      | Identified a scroll of acquirement
  9129 | D:8      | Killed a two-headed ogre
  9129 | D:8      | Reached *** piety under Okawaru
  9129 | D:8      | Reached skill level 11 in Polearms
  9135 | D:8      | Got an ichor-stained buckler
  9146 | D:8      | Identified the +0 buckler "Raxougos" {SInv Stlth+} (You acquired it on level 8 of the Dungeon)
  9180 | D:8      | Noticed Grum
  9220 | D:8      | Killed Grum
  9789 | D:8      | Noticed a two-headed ogre
 10094 | D:8      | Noticed Erica
 10123 | D:8      | Killed Erica
 10123 | D:8      | Reached **** piety under Okawaru
 10133 | D:8      | Reached skill level 12 in Polearms
 10559 | D:9      | Noticed a two-headed ogre
 10742 | D:9      | Noticed a two-headed ogre
 10867 | D:9      | Killed a two-headed ogre
 10907 | D:9      | Found a runed door.
 10912 | D:9      | Found a basalt altar of Yredelemnul.
 10921 | D:9      | Reached XP level 11. HP: 63/86 MP: 12/12
 11077 | D:9      | Found a staircase to the Lair.
 11086 | D:9      | Reached ***** piety under Okawaru
 11491 | D:9      | Killed a two-headed ogre
 11590 | D:9      | Got an encrusted helmet
 11616 | D:9      | Received a gift from Okawaru
 11670 | D:9      | Identified the +1 helmet of the Solstice {rElec Stlth+} (You found it on level 9 of the Dungeon)
 11824 | D:9      | Found a radiant altar of Vehumet.
 11922 | D:10     | Entered Level 10 of the Dungeon
 11927 | D:10     | Reached skill level 13 in Polearms
 11932 | D:10     | Noticed a two-headed ogre
 11949 | D:10     | Killed a two-headed ogre
 12520 | D:10     | Noticed a seven-headed hydra
 12635 | Lair:1   | Entered Level 1 of the Lair of Beasts
 12635 | Lair:1   | Noticed Duskembrace's ghost (journeyman TrMo)
 13809 | D:10     | Noticed a two-headed ogre
 13819 | D:10     | Killed a two-headed ogre
 14202 | D:10     | Killed a seven-headed hydra
 15087 | D:11     | Noticed a white ugly thing
 15117 | D:11     | Killed a white ugly thing
 15117 | D:11     | Reached skill level 10 in Fighting
 15175 | D:11     | Reached XP level 12. HP: 77/97 MP: 0/13
 15234 | D:11     | Noticed Tungsten's ghost (journeyman KoAs)
 15480 | D:11     | Reached skill level 14 in Polearms
 15817 | D:11     | Found a sparkling altar of Nemelex Xobeh.
 16323 | D:11     | Noticed a two-headed ogre
 16342 | D:11     | Killed a two-headed ogre
 16876 | D:12     | Noticed a seven-headed hydra
 17186 | D:12     | Found a staircase to the Orcish Mines.
 17539 | Orc:1    | Entered Level 1 of the Orcish Mines
 17727 | Orc:1    | Received a gift from Okawaru
 18144 | D:12     | Noticed a two-headed ogre
 18533 | D:11     | Killed a seven-headed hydra
 18840 | D:11     | Killed a two-headed ogre
 19480 | Orc:2    | Entered Level 2 of the Orcish Mines
 19568 | Orc:2    | Found a labyrinth entrance.
 19572 | Lab      | Entered a labyrinth
 19827 | Lab      | Noticed a minotaur
 19840 | Lab      | Killed a minotaur
 19843 | Lab      | Identified Sif Muna's Volume of Dislocation and Fire
 19844 | Lab      | Got a polished spear
 19845 | Lab      | Identified the +5 spear "Beetlebane" {pierce, rPois Dex+5} (You found it in a labyrinth)
 20009 | Orc:2    | Found a staircase to the Elven Halls.
 20490 | Orc:2    | Noticed an orc high priest
 20936 | Orc:1    | Reached skill level 15 in Polearms
 21099 | Orc:2    | Killed an orc high priest
 21099 | Orc:2    | Received a gift from Okawaru
 21099 | Orc:2    | Gained mutation: You are in touch with the powers of death. [Mummy growth]
 21099 | Orc:2    | Reached XP level 13. HP: 108/108 MP: 14/14
 22246 | Orc:2    | Paralysed by an orc sorcerer for 3 turns
 22859 | Orc:2    | Found Varocriu's Armour Shoppe.
 22861 | Orc:2    | Found Juedghit's Antique Weapon Emporium.
 22862 | Orc:2    | Found Voghic's Food Emporium.
 22865 | Orc:2    | Found Pochoos's General Store.
 22874 | Orc:2    | Bought the +8 plate armour "Haoclay" {rF+} for 1155 gold pieces
 22886 | Orc:2    | Bought a scroll of remove curse for 42 gold pieces
 23565 | Lair:1   | Killed Duskembrace's ghost
 23824 | Lair:1   | Received a gift from Okawaru
 24517 | Lair:2   | Found a hole to the Spider Nest.
 25490 | Lair:3   | Learned a level 5 spell: Silence
 25907 | Lair:3   | Found a staircase to the Swamp.
 26691 | Lair:4   | Reached skill level 16 in Polearms
 27355 | Lair:5   | Reached ****** piety under Okawaru
 28381 | Lair:5   | Received a gift from Okawaru
 28384 | Lair:5   | Got a glittering sapphire amulet
 28385 | Lair:5   | Identified the amulet of Midsummer {+Rage MR+ Dex+4} (You found it on level 5 of the Lair of Beasts)
 28945 | Lair:6   | Entered Level 6 of the Lair of Beasts
 29194 | Lair:5   | Reached XP level 14. HP: 75/118 MP: 13/15
 30137 | Lair:6   | Found a staircase to the Slime Pits.
 30341 | Lair:6   | Received a gift from Okawaru
 30686 | Lair:6   | Got a faintly humming cloak
 30697 | Lair:6   | Identified the +0 cloak of Infinity {Stlth+} (You found it on level 6 of the Lair of Beasts)
 30708 | Lair:6   | Identified Sif Muna's Incunabulum of Creative Clay
 31308 | D:11     | Killed Tungsten's ghost
 31317 | D:12     | Noticed an entropy weaver
 31321 | D:12     | Noticed an entropy weaver
 31489 | D:11     | Killed an entropy weaver
 32494 | D:12     | Reached skill level 17 in Polearms
 32500 | D:12     | Found Xuvvim's Distillery.
 32837 | D:12     | Found Pullac's Food Boutique.
 32907 | D:12     | Found Teil's Armour Shoppe.
 32937 | D:12     | Found Dumem's Magic Scroll Shop.
 32945 | D:12     | Bought a scroll of teleportation for 39 gold pieces
 32945 | D:12     | Bought a scroll of teleportation for 39 gold pieces
 32945 | D:12     | Bought a scroll of summoning for 123 gold pieces
 32946 | D:12     | Found Rawany's Magic Scroll Emporium.
 32951 | D:12     | Bought a scroll of blinking for 97 gold pieces
 32951 | D:12     | Bought a scroll of teleportation for 39 gold pieces
 33201 | D:13     | You fall through a shaft for 2 floors!
 33201 | D:15     | Entered Level 15 of the Dungeon
 33371 | D:14     | Received a gift from Okawaru
 33411 | D:14     | Found a gate to the Vaults.
 33858 | D:13     | Found a sacrificial altar of Ru.
 34067 | D:13     | Found a deep blue altar of Sif Muna.
 34228 | D:13     | Got a steaming glaive
 34234 | D:13     | Identified the +9 glaive of Quynlia {chop, rPois rC+} (You found it on level 13 of the Dungeon)
 34524 | D:14     | Noticed Urug
 34542 | D:14     | Killed Urug
 34568 | D:14     | You fall through a shaft!
 35479 | D:15     | Reached XP level 15. HP: 127/127 MP: 16/16
 35963 | D:15     | Found a staircase to the Depths.
 36234 | D:15     | Received a gift from Okawaru
 36463 | Elf:1    | Entered Level 1 of the Elven Halls
 36472 | Elf:1    | Reached skill level 18 in Polearms
 36518 | Elf:1    | Found a magical portal.
 36533 | WizLab   | Entered Doroklohe's Tomb
 36976 | WizLab   | Noticed a greater mummy
 37014 | WizLab   | Killed a greater mummy
 37880 | Elf:1    | Reached skill level 19 in Polearms
 38229 | Elf:1    | Received a gift from Okawaru
 38230 | Elf:1    | Found the +5 scythe "Finisher" {speed, Str+3}
 38335 | Elf:1    | Noticed a deep elf sorcerer
 38344 | Elf:1    | Killed a deep elf sorcerer
 38547 | Elf:2    | Noticed a deep elf sorcerer
 38551 | Elf:2    | Killed a deep elf sorcerer
 38841 | Elf:2    | Reached XP level 16. HP: 119/134 MP: 17/17
 39009 | Elf:1    | Received a gift from Okawaru
 39012 | Elf:1    | Got a fine glaive {god gift}
 39013 | Elf:1    | Identified the +7 glaive "Puclaywo" {freeze, *Rage +Fly rF- rN+++} (Okawaru gifted it to you on level 1 of the Elven Halls)
 39539 | Elf:2    | Found a runed gate.
 39570 | Elf:2    | Learned a level 6 spell: Deflect Missiles
 39691 | Elf:2    | Reached skill level 20 in Polearms
 39747 | Elf:2    | Found a runed gate.
 40143 | Elf:2    | Received a gift from Okawaru
 40882 | Elf:2    | Noticed Jorgrun
 40950 | Elf:2    | Killed Jorgrun
 41209 | Elf:3    | Entered Level 3 of the Elven Halls
 41546 | Elf:3    | Received a gift from Okawaru
 41630 | Elf:3    | Reached skill level 1 in Dodging
 41726 | Elf:3    | Noticed a sphinx
 41726 | Elf:3    | Noticed a deep elf master archer
 41726 | Elf:3    | Noticed a sphinx
 41734 | Elf:3    | Noticed a Hell Sentinel
 42098 | Elf:3    | Killed a sphinx
 42098 | Elf:3    | Received a gift from Okawaru
 42374 | Elf:3    | Killed a deep elf master archer
 42374 | Elf:3    | Reached XP level 17. HP: 59/140 MP: 18/18
 42612 | Elf:3    | Reached skill level 21 in Polearms
 42628 | Elf:3    | Cast into level 1 of the Abyss (orc knight)
 43130 | Abyss:1  | Found a corrupted altar of Lugonu.
 43138 | Elf:3    | Escaped the Abyss
 43506 | Elf:3    | Paralysed by a sphinx for 3 turns
 43742 | Elf:3    | Received a gift from Okawaru
 44108 | Elf:3    | Cast into level 3 of the Abyss (a deep elf demonologist)
 44212 | Elf:3    | Escaped the Abyss
 44219 | Elf:3    | Noticed an Ice Fiend
 44316 | Elf:3    | Noticed a Hell Sentinel
 44346 | Elf:3    | Noticed a deep elf blademaster
 44363 | Elf:3    | Noticed a deep elf blademaster
 44371 | Elf:3    | Reached skill level 5 in Armour
 44393 | Elf:3    | Noticed a deep elf master archer
 44796 | Elf:3    | Noticed a deep elf master archer
 44893 | Elf:3    | Noticed a deep elf master archer
 45199 | Elf:3    | Noticed a deep elf master archer
 45213 | Elf:3    | Killed a deep elf master archer
 45532 | Elf:3    | Killed a deep elf master archer
 45532 | Elf:3    | Received a gift from Okawaru
 45812 | Elf:3    | Killed a deep elf master archer
 46090 | Elf:3    | Killed a deep elf blademaster
 46116 | Elf:3    | Shot with an arrow by a deep elf master archer

Vault maps used:
D:1:      kilobyte_arrival_exit_the_forest, fountainhead
D:2:      lemuel_coloured_pillars_altar, uniq_robin
D:3:      first_bread, st_stairs_1, uniq_crazy_yiuf_cottage, uniq_terence,
          uniq_grinder
D:4:      nicolae_gozag_seed_capital, gammafunk_temple_overflow_forgotten,
          minmay_temple_entry_from_below_b, serial_shops, shop_fountains,
          uniq_ijyb
D:5:      nicolae_ru_sacrificial_ziggurat, portal_sewer_entry_a,
          gup_ossuary_entry_pyramid, guppyfry_early_orc_mine
D:6:      overflow_temple_1_default, kiku_gazebo_garden_becter, uniq_eustachio
D:7:      serial_shops, shop
D:8:      grunt_ministairs_3, uniq_erica, uniq_grum
D:9:      vehumet_statue, minmay_lair_entry_lava, st_stairs_8,
          hangedman_little_slice_of_home, dk_yredelemnul_ordeal
D:11:     minmay_misc_feat_rows, nemelex_diamond_rough_becter
D:12:     orc_0_dummy, serial_shops, shop, shop, nicolae_shop_window_shopping,
          nicolae_shop_temple_entry_statues_fountains, shop, minivault_29
D:13:     basic_altar, lemuel_blue_sif_altar
D:14:     david_vaults_2, nrook_mini_backslash, uniq_urug
D:15:     hangedman_depths_entry_civil_slaughter, grunt_decor_resistance
Temple:   nicolae_temple_god_jail
Lair:1:   guppyfry_lair_drakes, serial_bayou_shore_a
Lair:2:   nicolae_spider_entry_orb_guardian, serial_forest,
          infiniplex_forest_corner_1, infiniplex_forest_end_3,
          infiniplex_forest_end_1, infiniplex_forest_clump_double,
          infiniplex_forest_straight_2
Lair:3:   swamp_mist
Lair:5:   minmay_lair_oklob_chamber, grunt_megastairs_5,
          infiniplex_staircase_pool_2, lemuel_fruit_fields, lemuel_fruit_fields,
          lemuel_fruit_tree, serial_bayou_shore_b
Lair:6:   gammafunk_lair_ancient_temple, minmay_slime_entry_oklob_enclosed,
          grunt_megastairs_3
Orc:1:    nicolae_orc_accident_1
Orc:2:    st_orc_mages, lab_entry_generic, mines5_lemuel
Elf:1:    eino_elf_arrival_customs, infiniplex_enter_wizlab_glasses,
          minmay_elf_sorcery, serial_sigils_hangedman_confine,
          lemuel_flamethrower_3
Elf:2:    uniq_jorgrun
Elf:3:    minmay_elf_hall_furrowed, elf_orc_summit_meeting
Abyss:1:  minivault_19
Abyss:3:  minivault_11
Lab:      labyrinth_hidden_loot, labyrinth_skeletal_remains
Ossuary:  minmay_ossuary_gauntlet
WizLab:   wizlab_doroklohe

Skill      XL: |  1  2  3  4  5  6  7  8  9 10 11 12 13 14 15 16 17 |
---------------+----------------------------------------------------+-----
Polearms       | 2 4 5 7 9 10 12 13 15 16 17 19 20 21 | 21.6
Fighting       | 4 5 6 8 10 12 13 14 | 14.8
Invocations    | 2 |  2.2
Dodging        | 1 4 |  4.6
Armour         | 3 6 |  6.4
Shields        | |  2.4

Action                   |  1- 3 |  4- 6 |  7- 9 | 10-12 | 13-15 | 16-18 || total
-------------------------+-------+-------+-------+-------+-------+-------++-------
Melee: Trident           |   131 |    41 |       |       |       |       ||   172
       Spear             |       |   137 |   830 |  1696 |  2181 |       ||  4844
       Glaive            |       |       |       |       |   445 |   778 ||  1223
Invok: Heroism           |       |       |     2 |    20 |    24 |    11 ||    57
       Finesse           |       |       |       |       |     4 |     2 ||     6
Evoke: Wand              |       |       |     2 |    24 |    13 |       ||    39
       Sack of spiders   |       |       |       |     1 |       |       ||     1
  Use: Scroll            |       |     4 |       |    12 |    19 |    14 ||    49
 Stab: Distracted        |       |       |       |       |     1 |     2 ||     3
Armor: Scale mail        |    11 |       |       |       |       |       ||    11
       Chain mail        |    50 |    73 |   122 |       |       |       ||   245
       Plate armour      |       |       |   113 |   476 |   849 |   375 ||  1813
Dodge: Dodged            |    22 |    14 |    71 |   190 |   273 |   133 ||   703
Block: Shield            |    57 |    69 |   222 |    12 |   340 |       ||   700
       Buckler           |       |       |       |   185 |   211 |       ||   396
       Reflection        |       |       |       |     1 |     5 |       ||     6

Table legend:
 A = Spawn XP
 B = Non-spawn XP
 C = Spawn XP percentage of total XP
 D = Spawn monster count
 E = Non-spawn monster count
 F = Spawn count percentage of total count
 G = Total turns spent on level
                    A         B        C        D         E        F      G
               +---------+---------+-------+---------+---------+-------+---------
         Total |    5202 |  275841 |   1.9 |      16 |     988 |   1.6 | 46116
               +---------+---------+-------+---------+---------+-------+---------
           D:1 |       0 |      57 |   0.0 |       0 |      25 |   0.0 |   920
           D:2 |       0 |     114 |   0.0 |       0 |      29 |   0.0 |   946
           D:3 |       0 |     509 |   0.0 |       0 |      29 |   0.0 |  1059
           D:4 |       0 |     525 |   0.0 |       0 |      20 |   0.0 |  1488
           D:5 |       0 |    1294 |   0.0 |       0 |      41 |   0.0 |  1570
           D:6 |       0 |     951 |   0.0 |       0 |      18 |   0.0 |  1448
           D:7 |       0 |    2177 |   0.0 |       0 |      42 |   0.0 |  1310
           D:8 |       0 |    3873 |   0.0 |       0 |      33 |   0.0 |  1465
           D:9 |       0 |    6281 |   0.0 |       0 |      64 |   0.0 |  2546
          D:10 |       0 |    6302 |   0.0 |       0 |      43 |   0.0 |  3372
          D:11 |       0 |   10623 |   0.0 |       0 |      34 |   0.0 |  3377
          D:12 |       0 |   10931 |   0.0 |       0 |      73 |   0.0 |  1794
          D:13 |       0 |    1511 |   0.0 |       0 |       8 |   0.0 |   743
          D:14 |       0 |   10240 |   0.0 |       0 |      35 |   0.0 |  1422
          D:15 |       0 |   10022 |   0.0 |       0 |      24 |   0.0 |  1066
        Lair:1 |       0 |    3730 |   0.0 |       0 |      16 |   0.0 |   897
        Lair:2 |       0 |    2139 |   0.0 |       0 |       9 |   0.0 |   905
        Lair:3 |       0 |    2678 |   0.0 |       0 |      13 |   0.0 |   870
        Lair:4 |       0 |    5465 |   0.0 |       0 |      25 |   0.0 |  1181
        Lair:5 |       0 |    6308 |   0.0 |       0 |      25 |   0.0 |  2229
        Lair:6 |       0 |   13185 |   0.0 |       0 |      43 |   0.0 |  1567
         Orc:1 |       0 |    3567 |   0.0 |       0 |      51 |   0.0 |  1108
         Orc:2 |       0 |    7464 |   0.0 |       0 |      65 |   0.0 |  2408
         Elf:1 |       0 |   25580 |   0.0 |       0 |      41 |   0.0 |  2175
         Elf:2 |       0 |   49597 |   0.0 |       0 |      70 |   0.0 |  2677
         Elf:3 |     119 |   70894 |   0.2 |       1 |      68 |   1.4 |  3230
       Abyss:1 |    4666 |    3811 |  55.0 |      14 |       8 |  63.6 |   510
       Abyss:3 |     417 |     520 |  44.5 |       1 |       1 |  50.0 |   104
           Lab |       0 |    1085 |   0.0 |       0 |       1 |   0.0 |   308
       Ossuary |       0 |     141 |   0.0 |       0 |      16 |   0.0 |   403
        WizLab |       0 |   14267 |   0.0 |       0 |      18 |   0.0 |   957
               +---------+---------+-------+---------+---------+-------+---------
